Map: Heavy Artillery LE

Players

qqq - Winner!

  • Race: Zerg Zerg
  • League: Platinum
  • Spawn Location: 7:00

Massa - Winner!

  • Race: Terran Terran
  • League: Platinum
  • Spawn Location: 7:00

edz

  • Race: Terran Terran
  • Spawn Location: 1:00

riki

  • Race: Protoss Protoss
  • Spawn Location: 3:00

VOD

Have the link to the VOD?

Description

Time

  • Played on: Jan. 12, 2021, 12:13 p.m.
  • Length: 20:24
Show
View Real Time Build Order
Export as new Build Order

qqq Zerg - Winner!

Build Orders: Hatch First 

Get SALT Encoding   

  12  0:01  Drone  
  13  0:11  Drone  
  14  0:36  Hatchery  
  13  0:45  Drone  
  13  0:49  Overlord  
  14  1:09  Spawning Pool  
  14  1:10  Extractor  
  12  1:16  Drone  
  12  1:17  Drone  
  14  1:23  Drone  
  15  1:32  Drone  
  16  1:59  Zergling x2  
  16  2:00  Zergling x4  
  20  2:01  Drone x2  
  20  2:02  Queen  
  23  2:24  Drone  
  23  2:25  Zergling x2  
  24  2:33  Drone  
  24  2:36  Drone, Extractor  
  24  2:37  Drone x2  
  27  2:50  Drone  
  28  3:04  Overlord  
  28  3:12  Lair  
  28  3:16  Hatchery  
  28  3:17  Drone  
  28  3:23  Drone  
  28  3:24  Drone  
  28  3:26  Drone  
  31  3:30  Drone  
  32  3:38  Drone x2  
  32  3:40  Drone  
  35  3:43  Drone  
  36  3:48  Overlord  
  36  4:11  Drone x2  
  36  4:12  Overlord, Spire, Drone  
  36  4:13  Drone x2  
  40  4:25  Drone  
  40  4:28  Drone  
  40  4:31  Drone  
  43  4:45  Drone x2  
  45  4:48  Zergling x2  
  45  4:49  Metabolic Boost, Zergling x2  
  45  4:51  Drone  
  45  4:52  Queen, Drone  
  51  5:01  Drone x2  
  51  5:02  Drone x2  
  51  5:06  Zergling x4  
  57  5:09  Hatchery  
  57  5:13  Drone x2  
  58  5:15  Overseer  
  58  5:17  Overlord  
  58  5:18  Overlord  
  58  5:28  Overlord  
  56  5:30  Spore Crawler  
  56  5:31  Queen  
  54  5:36  Mutalisk x4  
  57  5:49  Spore Crawler  
  55  6:08  Drone x3  
  58  6:18  Drone  
  58  6:19  Drone x8  
  58  6:20  Overlord  
  58  6:25  Queen, Drone, Extractor  
  67  6:29  Extractor  
  67  6:30  Extractor  
  67  6:31  Corruptor  
  69  6:35  Drone x3  
  72  6:43  Baneling Nest  
  71  6:51  Drone x3  
  71  6:53  Mutalisk  
  76  6:56  Drone  
  76  6:57  Drone x3  
  74  7:16  Corruptor  
  74  7:19  Drone  
  74  7:20  Drone x8  
  74  7:21  Drone x2  
  85  7:23  Spore Crawler  
  84  7:30  Extractor  
  83  7:48  Corruptor x2  
  83  7:49  Extractor  
  83  7:50  Drone  
  87  7:52  Extractor  
  87  7:56  Infestation Pit  
  87  7:58  Spore Crawler x2  
  84  7:59  Drone x4  
  84  8:00  Zerg Flyer Weapons Level 1  
  84  8:04  Hatchery  
  86  8:09  Drone x2, Hatchery  
  87  8:23  Overlord x6  
  87  8:24  Overlord x3  
  87  8:34  Hive  
  87  8:48  Corruptor x2, Mutalisk x2  
  87  8:49  Mutalisk  
  87  8:50  Drone x2  
  99  9:03  Drone  
  99  9:04  Drone x4  
  99  9:06  Drone x3  
  99  9:07  Drone x2, Corruptor  
  111  9:10  Mutalisk  
  113  9:19  Spire  
  113  9:20  Mutalisk  
  113  9:21  Mutalisk  
  117  9:24  Drone x3  
  117  9:28  Spine Crawler  
  112  9:46  Drone x3  
  112  9:47  Drone x3  
  112  9:49  Corruptor x3  
  112  9:50  Mutalisk x3  
  112  9:51  Mutalisk  
  132  9:55  Drone x3, Zerg Flyer Armor Level 1  
  135  10:04  Drone x3  
  138  10:08  Spore Crawler, Spine Crawler  
  138  10:09  Queen, Spine Crawler  
  138  10:12  Drone x2  
  138  10:13  Queen, Spine Crawler  
  140  10:17  Spore Crawler  
  139  10:22  Corruptor x3  
  139  10:25  Viper x2  
  139  10:27  Viper  
  154  10:31  Zerg Flyer Weapons Level 2  
  152  10:56  Mutalisk x3, Corruptor x2  
  152  10:57  Corruptor  
  154  11:15  Corruptor  
  154  11:16  Corruptor x2, Mutalisk  
  141  11:32  Mutalisk  
  141  11:33  Mutalisk x3  
  139  11:46  Spine Crawler x2  
  135  11:47  Spine Crawler  
  135  11:49  Spine Crawler  
  135  11:50  Drone x3  
  135  11:51  Drone x6  
  135  11:53  Mutalisk  
  135  11:54  Mutalisk, Corruptor x2  
  148  12:07  Drone x2, Mutalisk  
  148  12:08  Mutalisk, Corruptor  
  151  12:12  Drone  
  154  12:16  Extractor  
  154  12:17  Extractor  
  152  12:26  Spine Crawler, Drone x2  
  151  12:32  Spine Crawler  
  151  12:34  Spine Crawler  
  151  12:35  Spore Crawler  
  148  12:44  Mutalisk x3, Corruptor x2  
  144  12:45  Corruptor  
  144  12:49  Greater Spire  
  144  12:50  Pneumatized Carapace  
  156  12:51  Overseer x2  
  156  12:54  Drone x2  
  157  13:16  Corruptor x4  
  157  13:18  Drone  
  166  13:21  Extractor  
  166  13:22  Extractor  
  163  14:14  Viper  
  163  14:16  Overlord  
  163  14:17  Overlord x6  
  166  14:45  Corruptor x4  
  166  14:46  Corruptor x3  
  166  14:47  Viper x3  
  166  14:48  Corruptor x2  
  193  14:56  Drone x3  
  196  15:01  Zerg Flyer Armor Level 2  
  196  15:19  Hatchery  
  194  15:29  Brood Lord x2  
  194  15:30  Brood Lord  
  200  16:04  Extractor  
  200  16:08  Extractor  
  117  16:35  Corruptor x4  
  117  16:36  Corruptor x4  
  126  16:49  Corruptor x3  
  126  16:50  Corruptor x5  
  126  16:52  Viper x4  
  126  16:53  Corruptor  
  150  17:07  Corruptor x4  
  154  17:17  Zerg Flyer Weapons Level 3  
  152  17:28  Corruptor x4  
  152  17:29  Corruptor  
  162  17:38  Spore Crawler  
  162  17:40  Spore Crawler  
  162  17:42  Spore Crawler, Spine Crawler x2  
  162  17:43  Spine Crawler  
  142  17:50  Corruptor x2  
  142  17:51  Corruptor x3  
  134  17:57  Viper  
  143  17:59  Zergling x4  
  143  18:00  Zergling x6  
  144  18:25  Viper  
  144  18:26  Mutalisk  
  148  18:48  Spine Crawler x3  
  139  18:50  Spine Crawler x2  
  139  18:51  Spine Crawler  
  139  18:53  Brood Lord x2  
  139  18:54  Brood Lord x3  
  142  19:00  Overseer x3  
  136  19:08  Mutalisk x4  
  139  19:42  Overlord x5  
  139  19:43  Corruptor x5  
  139  19:45  Zergling x4  
  151  19:54  Hatchery  
  151  19:58  Hatchery  
Show
View Real Time Build Order
Export as new Build Order

Massa Terran - Winner!

Build Orders: Reaper Expand 

Get SALT Encoding   

  12  0:00  SCV  
  13  0:12  SCV  
  14  0:21  Supply Depot  
  14  0:24  SCV  
  15  0:36  Refinery  
  15  0:43  SCV  
  15  0:45  Barracks  
  16  0:55  SCV  
  17  1:07  SCV  
  18  1:19  SCV  
  19  1:33  Reaper  
  20  1:43  Command Center  
  20  1:44  Orbital Command  
  20  1:52  Supply Depot  
  20  2:05  Marine  
  21  2:15  SCV  
  22  2:23  Marine  
  22  2:27  SCV  
  24  2:30  Barracks  
  24  2:40  Marine  
  24  2:41  SCV  
  24  2:43  Supply Depot  
  26  3:05  Orbital Command  
  26  3:12  Command Center  
  26  3:16  Engineering Bay, SCV  
  27  3:23  Barracks Reactor  
  27  3:26  Factory  
  27  3:28  SCV  
  27  3:29  Barracks Tech Lab  
  29  3:41  SCV x2  
  30  3:53  SCV x2  
  32  4:00  Reaper  
  32  4:03  Stimpack  
  32  4:08  Command Center  
  33  4:10  SCV x2  
  33  4:11  Refinery  
  33  4:12  Factory Tech Lab  
  33  4:13  Marine  
  33  4:15  Marine  
  36  4:21  Supply Depot  
  36  4:22  SCV x2  
  38  4:32  Siege Tank  
  38  4:34  SCV  
  42  4:45  Marauder  
  44  4:46  Marine x2  
  44  4:47  SCV x2  
  48  4:54  Missile Turret  
  48  4:58  Missile Turret  
  48  4:59  SCV x2  
  50  5:01  Missile Turret  
  50  5:03  Marine  
  50  5:04  Marine  
  52  5:08  Armory  
  52  5:11  SCV x2  
  52  5:13  Refinery  
  54  5:15  Refinery  
  54  5:23  SCV  
  54  5:24  Marine, Marauder, SCV  
  54  5:25  Marine  
  60  5:42  Marine x2  
  60  5:46  Marauder  
  64  6:00  Marine  
  65  6:04  Marine  
  65  6:05  Siege Tank  
  65  6:07  Marauder  
  65  6:09  Planetary Fortress  
  71  6:11  SCV x3  
  71  6:18  Marine  
  74  6:19  Missile Turret  
  74  6:22  Marine  
  74  6:23  SCV x3  
  79  6:28  Barracks  
  79  6:29  Barracks  
  79  6:31  Barracks  
  79  6:35  Starport, SCV x2  
  79  6:39  Starport  
  81  6:49  SCV x4  
  81  6:52  Missile Turret  
  85  6:56  Missile Turret  
  85  6:58  Siege Tank  
  85  7:00  Marine x2, Marauder  
  92  7:08  Combat Shield  
  92  7:18  Missile Turret  
  92  7:26  Supply Depot  
  92  7:27  Terran Infantry Weapons Level 1, Supply Depot  
  92  7:30  Supply Depot  
  92  7:31  Starport Reactor, Starport Tech Lab  
  92  7:48  Thor, Marine x2, SCV x2  
  92  7:49  Marauder, SCV x2  
  106  7:51  Supply Depot  
  105  8:00  SCV x2  
  105  8:01  SCV x2  
  109  8:06  Barracks Reactor, Marine, Barracks Tech Lab  
  109  8:07  Marine  
  109  8:10  Marauder  
  109  8:12  SCV x2  
  115  8:13  SCV x2  
  115  8:17  Command Center  
  115  8:19  Refinery  
  117  8:20  Refinery  
  117  8:24  Marine, SCV x2  
  117  8:25  Marine, Sensor Tower  
  121  8:27  Concussive Shells  
  121  8:31  Supply Depot  
  121  8:32  Marauder  
  121  8:33  Supply Depot  
  122  8:42  Marine  
  123  8:52  Viking, Thor  
  123  8:53  Supply Depot  
  123  8:54  Raven, Supply Depot  
  123  8:55  Supply Depot x3, Marauder  
  135  8:56  Supply Depot  
  135  9:16  Supply Depot  
  135  9:17  Missile Turret, Supply Depot  
  135  9:19  Missile Turret  
  135  9:34  SCV x3  
  135  9:35  SCV  
  135  9:38  Missile Turret  
  139  9:40  Missile Turret  
  139  9:46  SCV  
  139  9:49  Thor  
  146  9:57  Planetary Fortress  
  146  10:05  Factory x2  
  146  10:06  Missile Turret  
  146  10:08  Factory, Missile Turret  
  146  10:12  Raven  
  146  10:13  Viking x2  
  152  10:28  Missile Turret  
  152  10:33  Missile Turret  
  151  10:43  Viking x2  
  136  10:52  Missile Turret, Marauder  
  136  10:53  Marine x4, Marauder  
  136  11:10  Marine  
  136  11:11  Marine x3  
  131  11:13  Sensor Tower  
  131  11:14  Marauder x2  
  124  11:20  Raven  
  124  11:22  Viking x2  
  126  11:28  Marine  
  126  11:29  Marine x3  
  128  11:35  Marauder  
  128  11:36  Marauder  
  112  11:46  Marine  
  112  11:47  Marine  
  111  11:53  Marine x2  
  114  11:56  Marauder  
  114  11:57  Factory Tech Lab x3, Marauder  
  118  12:03  Raven  
  118  12:04  Marine x2  
  118  12:05  Terran Vehicle Weapons Level 1  
  122  12:09  Refinery  
  122  12:11  Armory, Marine x2, Terran Infantry Weapons Level 2  
  122  12:15  Refinery  
  124  12:17  Engineering Bay  
  124  12:18  Marauder x2  
  124  12:22  Marine  
  129  12:25  Missile Turret  
  129  12:27  Missile Turret  
  129  12:32  Thor x4  
  129  12:34  Smart Servos  
  153  12:39  Marauder  
  153  12:40  Marauder  
  157  12:46  Missile Turret  
  157  12:57  Raven  
  159  12:58  Viking  
  159  13:01  Marauder x2  
  165  13:15  Thor  
  171  13:24  Marauder  
  171  13:25  Marauder  
  175  13:40  Raven  
  177  13:46  Marauder  
  142  14:14  Marine x3, Marauder x2  
  142  14:15  Thor x3  
  142  14:16  Thor  
  169  14:20  Viking x2  
  169  14:23  Raven  
  175  14:31  Terran Infantry Armor Level 1  
  175  14:33  Corvid Reactor  
  175  14:34  Terran Vehicle Weapons Level 2  
  175  14:35  Marauder x2  
  176  14:58  Thor  
  180  15:14  Thor x3  
  192  15:47  Ghost Academy  
  192  15:50  Ghost Academy  
  192  15:51  Cloaking Field  
  192  15:56  Medivac x3  
  190  16:26  Medivac x2  
  193  16:43  Marine, Marauder x2  
  181  17:05  Marauder  
  110  17:15  Thor  
  110  17:16  Thor x3  
  110  17:20  Marine, Marauder  
  123  17:26  Marauder  
  125  17:38  Marine  
  125  17:39  Marine x3  
  125  17:41  Marauder  
  131  17:47  Barracks, Marauder  
  131  17:48  Barracks  
  131  17:49  Barracks  
  133  17:56  Marine  
  133  17:57  Marine x3  
  137  17:58  Thor x2  
  137  17:59  Thor x2  
  137  18:03  Marauder  
  163  18:07  Raven  
  163  18:09  Marauder  
  167  18:14  Marine  
  167  18:15  Marine, Command Center  
  167  18:16  Marine x2  
  169  18:24  Marauder  
  171  18:30  Marauder  
  171  18:32  Marine  
  171  18:33  Marine x2  
  176  18:44  Ghost  
  178  18:50  Raven  
  178  18:51  Ghost  
  178  18:56  Barracks Reactor, Barracks Tech Lab  
  172  19:13  Ghost  
  174  19:20  Marauder  
  165  19:41  Marauder  
Show
View Real Time Build Order
Export as new Build Order

edz Terran 

Build Orders: 2 Factory, Mech 

Get SALT Encoding   

  12  0:01  SCV  
  13  0:13  SCV  
  14  0:18  Supply Depot  
  14  0:27  SCV  
  15  0:29  Refinery  
  15  0:40  SCV  
  16  0:46  Barracks  
  16  0:52  SCV  
  17  1:04  SCV  
  18  1:13  Supply Depot  
  18  1:19  SCV  
  19  1:35  Orbital Command  
  19  1:37  Marine  
  19  1:39  Factory  
  20  1:50  Refinery  
  20  1:55  Barracks Reactor  
  21  2:01  SCV  
  21  2:13  SCV  
  22  2:25  SCV  
  22  2:29  Command Center  
  23  2:37  SCV  
  23  2:41  Hellion x2  
  28  2:45  Marine  
  29  2:56  Supply Depot  
  31  3:06  Hellion  
  31  3:10  Barracks Tech Lab  
  31  3:14  Factory  
  31  3:26  SCV  
  32  3:29  Engineering Bay  
  32  3:36  Widow Mine x2  
  32  3:38  SCV  
  37  3:42  Orbital Command  
  37  3:51  Supply Depot  
  37  3:59  SCV  
  38  4:03  Factory  
  38  4:04  Orbital Command  
  38  4:09  Missile Turret  
  38  4:11  Missile Turret  
  38  4:27  Command Center  
  38  4:28  SCV  
  39  4:34  Siege Tank  
  39  4:36  Barracks Tech Lab  
  39  4:37  SCV  
  43  4:40  SCV  
  43  4:42  Hellion  
  46  4:49  SCV  
  47  4:53  SCV  
  47  5:05  SCV  
  48  5:14  Armory  
  48  5:21  SCV x2  
  49  5:33  SCV x2  
  49  5:34  Hellion x2  
  53  5:36  Infernal Pre-Igniter  
  53  5:42  Missile Turret  
  53  5:45  Orbital Command, SCV  
  53  5:46  SCV  
  55  5:51  Missile Turret  
  54  5:58  SCV x2  
  56  6:08  Siege Tank  
  56  6:10  SCV x2  
  61  6:12  Widow Mine  
  61  6:13  Widow Mine, SCV  
  66  6:20  Supply Depot  
  66  6:21  Supply Depot  
  66  6:22  SCV  
  67  6:27  Widow Mine  
  69  6:33  SCV  
  69  6:34  Widow Mine  
  69  6:37  SCV  
  73  6:42  SCV  
  73  6:46  Barracks Reactor, Starport  
  74  6:48  Terran Vehicle Weapons Level 1  
  74  6:56  Factory  
  74  6:57  SCV x2  
  74  6:58  Missile Turret  
  76  7:04  Missile Turret  
  76  7:05  Missile Turret, Refinery  
  76  7:06  Refinery  
  73  7:31  SCV x2  
  73  7:32  SCV  
  73  7:36  Refinery  
  76  7:38  Refinery  
  76  7:43  SCV x2  
  79  7:44  SCV  
  79  7:47  Armory  
  79  7:51  Hi-Sec Auto Tracking  
  79  7:55  SCV x2  
  79  7:56  Factory Tech Lab, SCV  
  82  8:07  Missile Turret, SCV x2  
  82  8:09  Sensor Tower, SCV  
  82  8:12  Command Center  
  85  8:13  Command Center  
  85  8:17  Command Center  
  85  8:19  Command Center  
  85  8:22  Siege Tank x2  
  85  8:23  Hellion  
  92  8:29  Hellion x2  
  92  8:31  Command Center  
  92  8:32  Supply Depot x2  
  96  8:34  Mag-Field Accelerator  
  96  8:35  Drilling Claws  
  96  8:37  Smart Servos  
  96  8:39  Terran Vehicle And Ship Armor Level 1  
  96  8:40  SCV  
  97  8:44  Hellion  
  99  8:49  SCV  
  99  8:54  Hellion x2, Siege Tank  
  99  8:55  SCV  
  108  8:57  Supply Depot  
  108  8:58  SCV  
  108  9:00  Supply Depot  
  109  9:04  Siege Tank  
  112  9:10  SCV  
  112  9:15  Siege Tank  
  116  9:17  Supply Depot  
  116  9:18  Supply Depot  
  116  9:20  Supply Depot, SCV x2  
  118  9:26  Cyclone  
  118  9:27  Widow Mine  
  123  9:36  Siege Tank  
  126  9:41  SCV  
  126  9:42  Orbital Command x2  
  125  9:46  Missile Turret x2  
  125  9:50  SCV  
  126  9:57  Missile Turret  
  126  10:00  SCV  
  126  10:03  Missile Turret  
  127  10:07  Orbital Command, Missile Turret, SCV  
  127  10:08  Missile Turret  
  127  10:10  Refinery  
  127  10:11  Refinery  
  128  10:17  Widow Mine x3  
  128  10:18  Widow Mine  
  136  10:26  Factory  
  136  10:28  Factory  
  136  10:39  Missile Turret  
  133  10:54  Widow Mine x2  
  132  10:57  SCV  
  129  11:09  Siege Tank, Cyclone x2  
  136  11:13  Factory Reactor  
  136  11:15  Widow Mine x2  
  123  11:29  SCV  
  123  11:30  SCV  
  125  11:34  SCV  
  126  11:43  SCV  
  126  11:45  Hellion x2  
  126  11:46  Hellion  
  133  11:57  Orbital Command  
  131  12:01  Command Center  
  125  12:09  Factory Tech Lab  
  125  12:12  Siege Tank  
  124  12:23  Widow Mine x2, Cyclone x2  
  124  12:24  Hellion x2  
  124  12:25  Terran Vehicle Weapons Level 2, Terran Vehicle And Ship Armor Level 2  
  132  12:35  Siege Tank  
  137  12:44  Widow Mine x3  
  137  12:45  Widow Mine  
  137  12:50  Hellion  
  143  12:52  SCV  
  143  12:53  Orbital Command  
  143  12:55  Hellion, Cyclone  
  149  13:01  SCV x2  
  149  13:03  Orbital Command  
  149  13:05  Widow Mine, Cyclone  
  156  13:06  Widow Mine  
  156  13:07  Siege Tank  
  161  13:16  Siege Tank  
  164  13:27  Siege Tank  
  167  13:37  Siege Tank  
  167  13:39  Cyclone  
  167  13:40  Widow Mine  
  167  13:41  Widow Mine x3  
  176  13:42  SCV  
  174  13:48  Cyclone  
  151  13:59  Cyclone  
  151  14:02  Widow Mine  
  140  14:09  Siege Tank  
  132  14:11  Siege Tank  
  133  14:20  Siege Tank  
  133  14:22  Hellion  
  133  14:23  Hellion x2  
  139  14:31  Siege Tank  
  136  14:39  Hellion  
  136  14:41  Siege Tank  
  136  14:43  Hellion  
  136  14:44  Hellion x3  
  136  14:45  SCV  
  147  14:48  Ghost Academy  
  147  14:49  Ghost Academy  
  147  14:51  Ghost Academy  
  147  14:52  Barracks x2  
  147  14:53  Barracks Tech Lab, Hellion  
  147  15:00  Hellion  
  147  15:04  Hellion  
  147  15:05  Widow Mine, Hellion x2  
  152  15:30  SCV  
  153  15:39  Missile Turret  
  153  15:42  Missile Turret  
  149  15:46  Missile Turret  
  149  15:47  Missile Turret  
  149  15:49  Missile Turret x2  
  147  15:50  Missile Turret  
  137  15:58  Barracks Tech Lab x2  
  137  16:03  Enhanced Shockwaves, Personal Cloaking  
  137  16:04  Nuke  
  137  16:19  Siege Tank x4  
  137  16:21  Missile Turret  
  149  16:33  Command Center  
  149  16:51  Siege Tank  
  133  17:15  Hellion x2, Cyclone  
  133  17:16  Cyclone  
  133  17:22  Nuke  
  134  17:29  Nuke  
  131  17:42  Hellion x3  
  135  17:52  Cyclone x4  
  143  18:08  Ghost x3  
  143  18:12  Widow Mine x2  
  145  18:24  Cyclone x2  
  145  18:26  Hellion  
  152  18:27  Missile Turret  
  152  18:30  Missile Turret  
  113  19:31  Nuke  
  113  19:32  Nuke  
  113  19:34  Planetary Fortress  
  113  19:37  Refinery x2  
  101  19:38  Missile Turret  
  101  19:41  Missile Turret x2  
Show
View Real Time Build Order
Export as new Build Order

riki Protoss 

Build Orders: Cannon Rush, Carriers 

Get SALT Encoding   

  12  0:01  Probe  
  13  0:13  Probe  
  14  0:18  Pylon  
  14  0:28  Probe  
  15  0:37  Gateway  
  15  0:40  Probe  
  16  0:48  Assimilator  
  16  0:52  Assimilator  
  16  1:10  Pylon  
  16  1:14  Forge  
  16  1:52  Photon Cannon  
  16  1:54  Photon Cannon  
  16  1:57  Photon Cannon  
  16  2:00  Pylon  
  16  2:06  Pylon  
  16  2:12  Probe  
  16  2:24  Probe  
  17  2:33  Cybernetics Core  
  17  2:40  Probe (Chrono Boost)  
  18  2:50  Probe (Chrono Boost)  
  19  3:15  Nexus  
  19  3:24  Pylon  
  19  3:31  Probe  
  20  3:42  Stargate  
  20  3:54  Photon Cannon  
  20  4:05  Probe  
  21  4:17  Probe  
  22  4:24  Oracle (Chrono Boost)  
  22  4:29  Probe  
  26  4:34  Probe  
  27  4:41  Probe  
  28  4:46  Probe  
  29  4:53  Probe  
  29  4:56  Stargate  
  30  5:05  Probe  
  30  5:06  Probe  
  32  5:09  Assimilator  
  32  5:15  Assimilator  
  32  5:18  Probe x2  
  34  5:30  Probe x2  
  36  5:37  Phoenix  
  36  5:42  Probe  
  39  6:06  Phoenix x2  
  43  6:30  Probe x2  
  45  6:32  Pylon  
  45  6:35  Protoss Air Weapons Level 1 (Chrono Boost)  
  45  6:42  Probe  
  46  6:50  Phoenix, Pylon, Probe  
  46  6:53  Pylon  
  49  6:54  Probe  
  50  7:03  Probe  
  50  7:04  Stargate  
  50  7:06  Stargate  
  51  7:26  Void Ray x2  
  59  7:57  Void Ray x2  
  59  8:00  Fleet Beacon  
  67  8:25  Pylon  
  67  8:26  Void Ray  
  67  8:28  Pylon  
  69  8:34  Pylon  
  69  8:37  Void Ray  
  69  8:47  Void Ray x2  
  81  9:07  Protoss Air Weapons Level 2 (Chrono Boost)  
  81  9:09  Flux Vanes  
  81  9:12  Carrier  
  87  9:32  Nexus  
  87  9:35  Pylon  
  87  9:40  Pylon  
  87  9:43  Pylon  
  87  9:46  Pylon  
  87  9:55  Carrier x2  
  99  10:02  Photon Cannon  
  99  10:06  Assimilator, Probe x2  
  101  10:08  Assimilator  
  101  10:17  Carrier  
  101  10:18  Probe x2  
  109  10:28  Pylon  
  109  10:29  Pylon  
  109  10:30  Probe (Chrono Boost)  
  109  10:32  Probe (Chrono Boost)  
  111  10:40  Mothership (Chrono Boost)  
  119  10:51  Shield Battery  
  119  10:54  Shield Battery  
  119  10:55  Shield Battery  
  119  10:57  Shield Battery  
  119  11:01  Carrier  
  101  11:39  Photon Cannon  
  91  11:40  Void Ray x3  
  91  11:42  Photon Cannon  
  91  11:45  Shield Battery  
  99  11:48  Shield Battery  
  99  11:57  Pylon  
  99  12:12  Protoss Air Weapons Level 3 (Chrono Boost)  
  99  12:27  Void Ray x3  
  111  12:53  Void Ray  
  111  13:04  Void Ray x3  
  127  13:40  Carrier  
  133  13:47  Carrier  
  139  13:59  Void Ray x2  
  147  15:00  Carrier  
  147  15:01  Carrier x2  
  165  15:17  Pylon  
  165  15:20  Pylon  
  165  15:21  Pylon  
  165  15:22  Pylon  
  165  15:35  Carrier  
  171  15:46  Shield Battery x2  
  171  15:48  Shield Battery  
  171  15:49  Shield Battery  
  171  15:50  Shield Battery  
  171  15:51  Shield Battery  
  141  16:43  Void Ray x3  
  60  17:46  Void Ray x4 (Chrono Boost)  
  61  18:26  Void Ray x2 (Chrono Boost)  
  61  18:27  Void Ray x2 (Chrono Boost)  
  77  18:53  Void Ray x2 (Chrono Boost)  
  77  18:54  Void Ray x2 (Chrono Boost)  
  93  19:39  Pylon  
  93  19:40  Pylon  
  93  19:42  Pylon  
Tags
 
Add a new tag
Caveats
  • Supply blocks, unpowered buildings, or Contaminate may cause inaccurate times.
  • Supply counts are checked every 10 seconds.